 Dungeon Crawl Stone Soup version 0.30-a0-694-g3340775977 (webtiles) character file.

Game seed: 903788494728804464

1491 Fenrisus the Skirmisher (level 8, -3/64 HPs)
             Began as a Gnoll Hunter on Jan 20, 2023.
             Was a Priest of Cheibriados.
             Slain by a queen bee (11 damage)
             ... on level 7 of the Dungeon.
             The game lasted 00:25:50 (5956 turns).

Fenrisus the Skirmisher (Gnoll Hunter)              Turns: 5956, Time: 00:25:51

Health: -3/64      AC:  7    Str: 19    XL:     8   Next: 80%
Magic:  13/13      EV: 21    Int: 14    God:    Cheibriados [***...]
Gold:   226        SH:  0    Dex: 22    Spells: 14/14 levels left

rFire   . . .      SeeInvis .    a - +1 shortbow
rCold   . . .      Faith    .    (shield currently unavailable)
rNeg    . . .      Spirit   .    c - +1 leather armour
rPois   .          Reflect  .    i - +0 helmet
rElec   .          Harm     .    k - scarf {shadows}
rCorr   .          Rampage  .    (no gloves)
Will    .....                    u - +1 pair of boots
Stlth   +++                      g - amulet of magic regeneration
HPRegen 0.30/turn                j - +5 ring of evasion
MPRegen 0.53/turn                (no ring)

@: very slow
A: fangs 1, strong nose, distributed training
a: Renounce Religion, Bend Time, Temporal Distortion


You were on level 7 of the Dungeon.
You worshipped Cheibriados.
Cheibriados was most pleased with you.
You visited 2 branches of the dungeon, and saw 8 of its levels.

You collected 359 gold pieces.
You spent 133 gold pieces at shops.

Inventory:

Hand Weapons
 a - a +1 shortbow (weapon)
 s - a +2 spear of distortion
 t - a +1 antimagic war axe
Armour
 c - a +1 leather armour (worn)
 i - a +0 helmet (worn)
 k - a scarf of shadows (worn)
 u - a +1 pair of boots (worn)
Jewellery
 g - an amulet of magic regeneration (around neck)
 j - a +5 ring of evasion (left hand)
 o - an amulet of faith
Wands
 B - a wand of polymorph (4)
Scrolls
 b - 3 scrolls of immolation
 l - a scroll of amnesia
 m - a scroll of fear
 q - 3 scrolls of fog
 w - a scroll of enchant weapon
 y - a scroll of teleportation
 A - a scroll of magic mapping
 D - a scroll of butterflies {unknown}
Potions
 d - a potion of magic {unknown}
 f - a potion of brilliance {unknown}
 h - 4 potions of mutation
 n - a potion of ambrosia {unknown}
 r - 3 potions of curing
 v - a potion of lignification {unknown}
 x - a potion of might {unknown}
 z - a potion of flight
 C - a potion of attraction {unknown}


   Skills:
 + Level 6.0 Fighting
 + Level 3.7 Short Blades
 + Level 3.7 Long Blades
 + Level 3.7 Axes
 + Level 3.7 Maces & Flails
 + Level 3.7 Polearms
 + Level 3.7 Staves
 + Level 9.3 Ranged Weapons
 + Level 3.7 Throwing
 + Level 3.7 Armour
 + Level 6.0 Dodging
 + Level 4.4 Stealth
 + Level 3.7 Shields
 + Level 3.7 Unarmed Combat
 + Level 3.7 Spellcasting
 + Level 3.0 Conjurations
 + Level 3.0 Hexes
 + Level 3.0 Summonings
 + Level 3.0 Necromancy
 + Level 3.0 Translocations
 + Level 3.0 Transmutations
 + Level 3.0 Fire Magic
 + Level 3.0 Ice Magic
 + Level 3.0 Air Magic
 + Level 3.0 Earth Magic
 + Level 3.0 Poison Magic
 + Level 4.1 Invocations
 + Level 3.7 Evocations


You had 14 spell levels left.
You didn't know any spells.
Your spell library contained the following spells:

 Spells                   Type           Power      Damage    Failure   Level
 Magic Dart               Conj           44%        1d5       6%          1
 Call Imp                 Summ           11%        N/A       10%         2
 Static Discharge         Conj/Air       22%        2-3/arc   10%         2
 Mephitic Cloud           Conj/Pois/Air  11%        N/A       19%         3
 Portal Projectile        Hex/Tloc       22%        N/A       19%         3
 Tukima's Dance           Hex            11%        N/A       19%         3
 Vhi's Electric Charge    Tloc/Air       22%        N/A       19%         3
 Leda's Liquefaction      Hex/Erth       5%         N/A       54%         4
 Arcjolt                  Conj/Air       5%         1d15      87%         5
 Blade Hands              Tmut           5%         N/A       87%         5
 Lee's Rapid Deconstruct  Erth           5%         3d6*      87%         5
 Lightning Bolt           Conj/Air       5%         1d17      87%         5
 Statue Form              Tmut/Erth      7%         N/A       100%        6


Dungeon Overview and Level Annotations

Branches:
Dungeon (7/15)             Temple (1/1) D:5

Altars:
Ashenzari
Cheibriados
Dithmenos
Elyvilon
Fedhas
Hepliaklqana
Kikubaaqudgha
Nemelex Xobeh
Okawaru
Qazlal
Ru
Sif Muna
Trog
Uskayaw
Vehumet
Wu Jian
Yredelemnul
Zin
The Shining One

Shops:
D:2 ?   D:3 :   D:5 [(


Innate Abilities, Weirdness & Mutations

You have very sharp teeth.
Your uncanny sense of smell can sniff out nearby items.
Your experience applies equally to all skills.


Message History

Aiming: Polymorph
Press: ? - help, Q - select action, (/) - cycle Shift-Dir - straight line, f/p - hornet
Aim: a hornet (moderately wounded, will become a queen bee, a steam dragon, or a golden eye, chance to affect: 50%)
The hornet resists with some effort.
You feel sick. The hornet misses you. The hornet barely misses you.
Aiming: Polymorph
Press: ? - help, Q - select action, (/) - cycle Shift-Dir - straight line, f/p - hornet
Aim: a hornet (moderately wounded, will become a queen bee, a steam dragon, or a golden eye, chance to affect: 50%)
The hornet evaporates and reforms as a queen bee!
You feel sick. The queen bee stings you!
* * * LOW HITPOINT WARNING * * *
You are too injured to fight recklessly!
You are too injured to fight recklessly!
You are too injured to fight recklessly!
You are too injured to fight recklessly!
You are too injured to fight recklessly!
You shoot an arrow. The arrow closely misses the queen bee.
You feel sick. The queen bee barely misses you. x2
You shoot an arrow.
The arrow hits the queen bee but does no damage.
You feel yourself speed up.
You feel sick. The queen bee stings you.
* * * LOW HITPOINT WARNING * * *
You shoot an arrow. The arrow closely misses the queen bee.
You feel sick. The queen bee misses you.
You feel better. The queen bee stings you!
* * * LOW HITPOINT WARNING * * *
You are lethally poisoned!
The queen bee poisons you!
You feel better. The queen bee completely misses you.
The queen bee attacks as you move away! The queen bee barely misses you.
The queen bee stings you!
* * * LOW HITPOINT WARNING * * *
There is a stone staircase leading up here.
You shoot an arrow.
The arrow hits the queen bee but does no damage.
The queen bee closely misses you.
You shoot an arrow. The arrow closely misses the queen bee.
The queen bee stings you!
You die...

... ..# ... #.# #.#
####.##### #...(y...#
#.##.@##.# #.###.##.#
#.###.##.# ##########
#.#...##.####.....#~~~
#.#....#.##.'.....#~~.
#.#.......'.#[....#♣P.
#........##.###'### ♣♣
###.#.########...##♣♣.
#.### ##.####'###P..


You could see a queen bee.

Vanquished Creatures
  Joseph (D:7)
  2 ice beasts (D:6)
  A black bear (D:6)
  A kobold brigand (D:6)
  A necrophage (D:6)
  2 scorpions
  An orc priest (D:4)
  3 hounds
  2 gnoll boudas
  An orc wizard (D:4)
  4 iguanas
  12 gnolls
  7 adders
  2 white imps
  2 ufetubi (D:5)
  3 dart slugs
  10 orcs
  6 ball pythons
  9 endoplasms
  A giant cockroach (D:4)
  6 goblins
  11 hobgoblins
  4 jackals
  9 kobolds
  4 quokkas
  7 bats
  4 frilled lizards
  10 rats
126 creatures vanquished.

Vanquished Creatures (others)
  A plant (D:7)
  2 withered plants (D:2)
3 creatures vanquished.

Grand Total: 129 creatures vanquished

Notes
Turn   | Place    | Note
-------+----------+-------------------------------------------
     0 | D:1      | Fenrisus the Gnoll Hunter began the quest for the Orb.
     0 | D:1      | Reached XP level 1. HP: 20/20 MP: 1/1
   176 | D:1      | Reached XP level 2. HP: 25/26 MP: 2/2
   330 | D:1      | You fall into a shaft and drop 1 floor!
   437 | D:1      | Reached XP level 3. HP: 31/31 MP: 3/3
  1125 | D:1      | Reached skill level 1 in Invocations
  1654 | D:2      | Found a faded altar of an unknown god.
  1673 | D:2      | Reached skill level 1 in Short Blades
  1673 | D:2      | Reached skill level 1 in Long Blades
  1673 | D:2      | Reached skill level 1 in Axes
  1673 | D:2      | Reached skill level 1 in Maces & Flails
  1673 | D:2      | Reached skill level 1 in Polearms
  1673 | D:2      | Reached skill level 1 in Staves
  1673 | D:2      | Reached skill level 1 in Throwing
  1673 | D:2      | Reached skill level 1 in Armour
  1673 | D:2      | Reached skill level 1 in Shields
  1673 | D:2      | Reached skill level 1 in Unarmed Combat
  1673 | D:2      | Reached skill level 1 in Spellcasting
  1673 | D:2      | Reached skill level 1 in Evocations
  1836 | D:2      | Reached XP level 4. HP: 38/38 MP: 5/5
  1842 | D:2      | Found Zimn's Magic Scroll Shop.
  1899 | D:2      | Bought a scroll of identify for 28 gold pieces
  1899 | D:2      | Bought a scroll of enchant armour for 105 gold pieces
  2318 | D:3      | Found an iron altar of Okawaru.
  2405 | D:3      | Found Lidis's Book Emporium.
  2491 | D:3      | Found a glowing golden altar of the Shining One.
  2491 | D:3      | Found a glowing silver altar of Zin.
  2492 | D:3      | Found a shadowy altar of Dithmenos.
  2668 | D:3      | Found a snail-covered altar of Cheibriados.
  2681 | D:3      | Became a worshipper of Cheibriados the Contemplative
  2846 | D:3      | Reached skill level 1 in Conjurations
  2846 | D:3      | Reached skill level 1 in Hexes
  2846 | D:3      | Reached skill level 1 in Summonings
  2846 | D:3      | Reached skill level 1 in Necromancy
  2846 | D:3      | Reached skill level 1 in Translocations
  2846 | D:3      | Reached skill level 1 in Transmutations
  2846 | D:3      | Reached skill level 1 in Fire Magic
  2846 | D:3      | Reached skill level 1 in Ice Magic
  2846 | D:3      | Reached skill level 1 in Air Magic
  2846 | D:3      | Reached skill level 1 in Earth Magic
  2846 | D:3      | Reached skill level 1 in Poison Magic
  3308 | D:4      | Noticed a scorpion
  3612 | D:4      | Killed a scorpion
  3613 | D:4      | Reached XP level 5. HP: 43/43 MP: 5/7
  3713 | D:4      | Found a hide-covered altar of Uskayaw.
  3713 | D:4      | Noticed a +0 dagger
  3713 | D:4      | Noticed a +0 hand axe
  3969 | D:4      | Reached * piety under Cheibriados
  3976 | D:4      | Reached XP level 6. HP: 40/50 MP: 8/8
  3994 | D:4      | Reached skill level 5 in Fighting
  3994 | D:4      | Reached skill level 5 in Dodging
  4121 | D:5      | Entered Level 5 of the Dungeon
  4215 | D:5      | Found a staircase to the Ecumenical Temple.
  4239 | Temple   | Entered the Ecumenical Temple
  4439 | D:5      | Found Xetat's Antique Weapon Shoppe.
  4481 | D:5      | Found Fawineco's Armour Shoppe.
  4508 | D:5      | Found a stormy altar of Qazlal.
  4546 | D:5      | Reached XP level 7. HP: 55/56 MP: 10/10
  4601 | D:5      | Reached ** piety under Cheibriados
  4845 | D:6      | Reached skill level 9 in Ranged Weapons
  4987 | D:6      | Reached XP level 8. HP: 63/63 MP: 12/12
  5162 | D:6      | Reached *** piety under Cheibriados
  5666 | D:6      | Found a radiant altar of Vehumet.
  5754 | D:7      | Noticed Joseph
  5783 | D:7      | Killed Joseph
  5934 | D:7      | Noticed a hornet
  5948 | D:7      | a hornet changed into a queen bee
  5948 | D:7      | Noticed a queen bee
  5956 | D:7      | Slain by a queen bee

Illustrated notes

Levels and vault maps discovered:
D:1:      ebering_trefoil_twist, layout_basic, roderic_lattice_a,
          amcnicky_mini_pool_small
D:2:      layout_loops_cross, ebering_ecumenical_altar_petrified, serial_shops,
          nicolae_shop_waterfront, minmay_rat_gold_closets
D:3:      layout_basic, mainiacjoe_overflow_chevrons,
          gammafunk_temple_overflow_forgotten, nicolae_overflow_crystal_walls,
          serial_shops, nicolae_diamond_shop
D:4:      layout_basic, dancing_weapons_uskayaw, minmay_circle_x
D:5:      layout_cave_pods, marbit_many_paths, minmay_temple_entry_tees,
          serial_shops, nicolae_shop_waterfront, nicolae_shop_crystal,
          nicolae_shop_temple_entry_statues_fountains, shop_statue,
          nicolae_shop_bloodbath_and_beyond
D:6:      layout_basic, kennysheep_little_box, serial_bayou_lagoon_a
D:7:      layout_loops_corners, grunt_gozag_breadcrumbs, serial_shops,
          shop_fountains, hex_tiny, nicolae_zen_rock_garden,
          uniq_crazy_yiuf_cottage, uniq_joseph
Temple:   minmay_temple_curvy_loop

Skill      XL: |  1  2  3  4  5  6  7  8 |
---------------+-------------------------+-----
Invocations    | 1 2 3 4 |  4.1
Short Blades   | 1 2 3 |  3.7
Long Blades    | 1 2 3 |  3.7
Axes           | 1 2 3 |  3.7
Maces & Flails | 1 2 3 |  3.7
Polearms       | 1 2 3 |  3.7
Staves         | 1 2 3 |  3.7
Throwing       | 1 2 3 |  3.7
Armour         | 1 2 3 |  3.7
Shields        | 1 2 3 |  3.7
Unarmed Combat | 1 2 3 |  3.7
Spellcasting   | 1 2 3 |  3.7
Evocations     | 1 2 3 |  3.7
Conjurations   | 1 2 3 |  3.0
Hexes          | 1 2 3 |  3.0
Summonings     | 1 2 3 |  3.0
Necromancy     | 1 2 3 |  3.0
Translocations | 1 2 3 |  3.0
Transmutations | 1 2 3 |  3.0
Fire Magic     | 1 2 3 |  3.0
Ice Magic      | 1 2 3 |  3.0
Air Magic      | 1 2 3 |  3.0
Earth Magic    | 1 2 3 |  3.0
Poison Magic   | 1 2 3 |  3.0
Stealth        | 3 4 |  4.4
Fighting       | 5 6 |  6.0
Dodging        | 5 6 |  6.0
Ranged Weapons | 9 |  9.3

Action                   |  1- 3 |  4- 6 |  7- 9 || total
-------------------------+-------+-------+-------++-------
 Fire: Shortbow          |    95 |   156 |   179 ||   430
Evoke: Wand              |       |       |     4 ||     4
  Use: Scroll            |     2 |    10 |     8 ||    20
       Potion            |       |       |     6 ||     6
Armor: Leather armour    |     8 |     7 |    22 ||    37
Dodge: Dodged            |    30 |    51 |   125 ||   206

Table legend: (Time is in decaauts)
 A = Elapsed time spent in this place.
 B = Non-inter-level travel time spent in this place.
 C = Inter-level travel time spent in this place.
 D = Time resting spent in this place.
 E = Time spent auto-exploring this place.
 F = Levels seen in this place.
 G = Mean time per level.
                   A        B        C        D        E       F      G
               +--------+--------+--------+--------+--------+-----+--------+
         Total |   7083 |   1906 |   5177 |    359 |    698 |   8 |  885.4 |
       Dungeon |   6875 |   1900 |   4975 |    359 |    698 |   7 |  982.1 |
        Temple |    207 |      6 |    201 |      0 |      0 |   1 |  207.0 |
               +--------+--------+--------+--------+--------+-----+--------+

Top non-repeatable levels by time:
     D:1: 1390 daAuts
     D:6: 1353 daAuts
     D:3: 1143 daAuts
     D:4: 1141 daAuts
     D:2: 866 daAuts
     D:5: 596 daAuts
     D:7: 383 daAuts
  Temple: 207 daAuts
